 Dungeon Crawl Stone Soup version 0.30.0-20-g3615ddf2f0 (webtiles) character file.

Game seed: 2137754791967053826

37 qw the Chopper (level 3, 0/23 HPs)
             Began as a Gargoyle Fighter on May 29, 2023.
             Slain by a hobgoblin (6 damage)
             ... on level 2 of the Dungeon.
             The game lasted 00:00:22 (632 turns).

qw the Chopper (Gargoyle Fighter)                    Turns: 632, Time: 00:00:23

Health: 0/23       AC: 10    Str: 21    XL:     3   Next: 41%
Magic:  3/3        EV:  9    Int:  8    God:
Gold:   17         SH:  4    Dex:  9    Spells: 2/2 levels left

rFire   . . .        Y - +0 war axe
rCold   . . .        c - +0 buckler
rNeg    + . .        b - +0 scale mail
rPois   inf          (no helmet)
rElec   +            (no cloak)
rCorr   +            (no gloves)
SInv    .            (no boots)
Will    .....        m - amulet of the acrobat Stlth
                     j - ring of resist corrosion
HPRegen 0.23/turn    (no ring)
MPRegen 0.08/turn

%: acrobat
@: about to teleport
A: sickness immunity, AC +3, negative energy resistance 1, electricity
resistance, torment resistance 1, petrification resistance
a: no special abilities


You were on level 2 of the Dungeon.
You visited 1 branch of the dungeon, and saw 2 of its levels.

You collected 17 gold pieces.


Innate Abilities, Weirdness & Mutations

You are immune to sickness and miasma.
Your stone body is resilient. (AC +3)
You are immune to poison.
You resist negative energy. (rN+)
You are resistant to electric shocks. (rElec)
You are resistant to unholy torment.
You are immune to petrification.


   Skills:
 - Level 3.2 Fighting
 + Level 3.4 Axes
 - Level 3.2 Armour
 - Level 3.2 Shields


You had 2 spell levels left.
You didn't know any spells.
Your spell library was empty.

Inventory:

Hand Weapons
 e - a +0 whip
 Y - a +0 war axe (weapon)
Armour
 b - a +0 scale mail (worn)
 c - a +0 buckler (worn)
Jewellery
 j - a ring of resist corrosion (left hand)
 m - an amulet of the acrobat (around neck)
Potions
 d - a potion of might
 g - 2 potions of mutation {unknown}

Dungeon Overview and Level Annotations

Branches:
Dungeon (2/15)

Altars:

Annotations:
D:2 Robin


Message History

The goblins go into a battle-frenzy!
You hit Robin.
Robin is moderately wounded.
You hit the hobgoblin. The hobgoblin completely misses you.
Robin hits you with a +6 club.
You slash the hobgoblin!
You kill the hobgoblin!
You closely miss Robin. Robin barely misses you.
A ball python comes into view.
A hobgoblin comes into view.
The hobgoblin hits you but does no damage.
Robin throws the goblin at you!
You barely miss Robin.
Robin is moderately wounded.
The ball python hisses angrily.
You hit the hobgoblin. You closely miss the goblin.
The goblin hits you with a +0 dagger.
The hobgoblin hits you but does no damage.
Robin closely misses you.
You barely miss the hobgoblin.
The hobgoblin is severely wounded.
You hit the goblin.
You kill the goblin!
You hit Robin. The hobgoblin hits you. Robin hits you but does no damage.
You closely miss the hobgoblin.
The hobgoblin is severely wounded.
You closely miss Robin. You block the hobgoblin's attack.
Robin throws the goblin at you! The goblin barely misses you.
You block the hobgoblin's attack. Robin hits you with a +6 club.
The goblin barely misses you.
You barely miss the hobgoblin.
The hobgoblin is severely wounded.
You barely miss the goblin. You hit Robin. The hobgoblin hits you.
The goblin hits you but does no damage.
632 ||| READING scroll of teleportation.
As you read the scroll of teleportation, it crumbles to dust.
You feel strangely unstable. The hobgoblin hits you.
You die...

.........##
#.##...%## #.....##
#......#..##
.......##..##########
#..#.................
..##....###...####...
.# #.... ###g# #....
#... #@#..[# #...


#ggg# #.. #gg## ### .gS.. ........ #.........g ..........g g#..........
..#.........g You could see Robin, 3 hobgoblins, 3 goblins and a ball python.

Vanquished Creatures
  An adder (D:2)
  A dart slug (D:2)
  3 bats
  2 endoplasms
  A giant cockroach (D:1)
  4 goblins
  3 hobgoblins
  3 jackals (D:1)
  5 kobolds
23 creatures vanquished.

Notes
Turn   | Place    | Note
-------+----------+-------------------------------------------
     0 | D:1      | qw the Gargoyle Fighter began the quest for the Orb.
     0 | D:1      | Reached XP level 1. HP: 14/14 MP: 1/1
     0 | D:1      | 0 ||| qw: Version: 0.2-a-102-g2b76a06
     0 | D:1      | 0 ||| qw: Game counter: 431
     0 | D:1      | 0 ||| qw: Always use a shield: true
     0 | D:1      | 0 ||| qw: God list: Okawaru
     0 | D:1      | 0 ||| qw: Allow faded altars: false
     0 | D:1      | 0 ||| qw: Do Orc after D:15 true
     0 | D:1      | 0 ||| qw: Do second Lair branch before Depths: true
     0 | D:1      | 0 ||| qw: Lair rune preference: random
     0 | D:1      | 0 ||| qw: Plans: Normal, Zot:1-4, Slime:5, God:TSO, Crypt,
                  | Tomb, Pan, Hells, Abyss, Win
     0 | D:1      | 0 ||| PLANNING D:1-11
    97 | D:1      | 97 ||| Stepping ~*~*~tactically~*~*~ (hiding).
   222 | D:1      | Reached XP level 2. HP: 19/19 MP: 2/2
   495 | D:1      | 495 ||| UPGRADING to amulet of the acrobat.
   500 | D:1      | 500 ||| UPGRADING to ring of resist corrosion.
   501 | D:1      | 501 ||| READING scroll labelled XUOS ZUBRE.
   502 | D:1      | 502 ||| READING scroll labelled ULABRAOQEA.
   503 | D:1      | 503 ||| READING scroll labelled WATHRE IH MUVUB.
   515 | D:1      | 515 ||| READING scroll labelled CIGAFY AROCAL.
   516 | D:1      | 516 ||| READING scroll labelled BETHUT WIUDD.
   604 | D:2      | Reached skill level 3 in Axes
   604 | D:2      | Reached XP level 3. HP: 23/23 MP: 3/3
   616 | D:2      | Noticed Robin
   617 | D:2      | 617 ||| Stepping ~*~*~tactically~*~*~ (hiding).
   631 | D:2      | HP: 5/23 [hobgoblin (2)]
   632 | D:2      | 632 ||| READING scroll of teleportation.
   632 | D:2      | Slain by a hobgoblin

Levels and vault maps discovered:
D:1:      dpeg_arrival_snail, layout_basic
D:2:      layout_rooms, uniq_robin

Skill      XL: |  1  2 |
---------------+-------+-----
Axes           | 2 3 |  3.4
Fighting       | |  3.2
Armour         | |  3.2
Shields        | |  3.2

Action                     || total
---------------------------++-------
  Melee: War axe           ||    50
    Use: Scroll            ||     6
 Armour: Scale mail        ||    26
  Dodge: Dodged            ||    25
  Block: Buckler           ||    14

Table legend:
 A = Non-vault XP
 B = Vault XP
 C = Vault XP percentage of total XP
 D = Non-vault monster count
 E = Vault monster count
 F = Vault count percentage of total count
                 A         B        C        D         E       F
            +---------+---------+-------+---------+---------+-------
      Total |      47 |       7 |  13.0 |      19 |       4 |  17.4
            +---------+---------+-------+---------+---------+-------
        D:1 |      23 |       0 |   0.0 |      13 |       0 |   0.0
        D:2 |      24 |       7 |  22.6 |       6 |       4 |  40.0
            +---------+---------+-------+---------+---------+-------
